 Dungeon Crawl Stone Soup version 0.27.0-1-g7a089689b8 (webtiles) character file.

Game seed: 16279374515489205736

4 azatol the Insei (level 1, -2/17 HPs)
             Began as a Gnoll Transmuter on Aug 17, 2021.
             Slain by a hobgoblin (3 damage)
             ... on level 1 of the Dungeon.
             The game lasted 00:07:00 (328 turns).

azatol the Insei (Gnoll Transmuter)                  Turns: 328, Time: 00:07:01

Health: -2/17      AC:  2    Str:  9    XL:     1   Next: 70%
Magic:  6/6        EV: 13    Int: 12    God:
Gold:   3          SH:  0    Dex: 12    Spells: 8/9 levels left

rFire    . . .     SeeInvis .   d - +0 club
rCold    . . .     Faith    .   (no shield)
rNeg     . . .     Spirit   .   a - +0 robe
rPois    .         Reflect  .   (no helmet)
rElec    .         Harm     .   (no cloak)
rCorr    .         Rampage  .   (no gloves)
Will     .....                  (no boots)
Stlth    +.........             (no amulet)
HPRegen  0.05/turn              (no ring)
MPRegen  0.10/turn              (no ring)

@: no status effects
A: fangs 1, strong nose, distributed training
a: no special abilities


You were on level 1 of the Dungeon.
You visited 1 branch of the dungeon, and saw 1 of its levels.

You collected 3 gold pieces.

Inventory:

Hand Weapons
 b - a +0 hunting sling
 d - a +0 club (weapon)
Missiles
 e - 34 arrows
Armour
 a - a +0 robe (worn)
 c - a +0 robe
Scrolls
 f - a scroll of identify {unknown}


   Skills:
 + Level 2.4 Fighting
 + Level 0.1 Short Blades
 + Level 0.1 Long Blades
 + Level 0.1 Axes
 + Level 0.1 Maces & Flails
 + Level 0.1 Polearms
 + Level 0.1 Staves
 + Level 0.1 Slings
 + Level 0.1 Bows
 + Level 0.1 Crossbows
 + Level 0.1 Throwing
 + Level 0.1 Armour
 + Level 4.4 Dodging
 + Level 0.1 Stealth
 + Level 0.1 Shields
 + Level 6.4 Unarmed Combat
 + Level 4.9 Spellcasting
 + Level 0.1 Conjurations
 + Level 0.1 Hexes
 + Level 0.1 Summonings
 + Level 0.1 Necromancy
 + Level 0.1 Translocations
 + Level 3.6 Transmutations
 + Level 0.1 Fire Magic
 + Level 0.1 Ice Magic
 + Level 0.1 Air Magic
 + Level 0.1 Earth Magic
 + Level 0.1 Poison Magic
 + Level 0.2 Invocations
 + Level 0.1 Evocations


You had 8 spell levels left.
You knew the following spells:

 Your Spells              Type           Power      Damage    Failure   Level
a - Beastly Appendage     Tmut           22%        N/A       4%          1

Your spell library contained the following spells:

 Spells                   Type           Power      Damage    Failure   Level
 Wereblood                Tmut           11%        N/A       7%          2
 Spider Form              Tmut/Pois      3%         N/A       28%         3
 Ice Form                 Ice/Tmut       7%         N/A       67%         4


Dungeon Overview and Level Annotations

Branches:
Dungeon (1/15)

Altars:


Innate Abilities, Weirdness & Mutations

You have very sharp teeth.
Your uncanny sense of smell can sniff out nearby items.
Your experience applies equally to all skills.


Message History

A bat comes into view.
The bat hits you.
You see here 22 arrows.
You hit the bat.
You kill the bat!
You see here a bat corpse.
There are no objects that can be picked up here. a bat corpse
e - 34 arrows (gained 22)
There are no items here.
A hobgoblin comes into view.
The hobgoblin shouts!
A hobgoblin comes into view.
The hobgoblin shouts!
You see here a +0 chain mail.
You hit the hobgoblin but do no damage. The hobgoblin hits you.
You barely miss the hobgoblin. Your bite misses the hobgoblin.
The hobgoblin hits you. The hobgoblin hits you.
The hobgoblin hits you but does no damage.
You hit the hobgoblin but do no damage. The hobgoblin misses you.
The hobgoblin hits you but does no damage. x2
The hobgoblin hits you.
* * * LOW HITPOINT WARNING * * *
You barely miss the hobgoblin.
You bite the hobgoblin, but do no damage.
The hobgoblin hits you.
* * * LOW HITPOINT WARNING * * *
The hobgoblin misses you.
You hit the hobgoblin but do no damage. Your bite misses the hobgoblin.
The hobgoblin closely misses you. The hobgoblin misses you.
You hit the hobgoblin. You punch the hobgoblin.
You kill the hobgoblin!
The hobgoblin misses you.
The hobgoblin hits you but does no damage.
The hobgoblin barely misses you.
You closely miss the hobgoblin. The hobgoblin closely misses you.
You barely miss the hobgoblin. The hobgoblin misses you.
You hit the hobgoblin but do no damage. The hobgoblin hits you.
You die...

#....#.#.#.#.#.#.##.#
####....#.......#...##.#
..................>.##.#
#..........#.#.#....#
#...†####.##.#....###
#............####.#
#.................#
#.[..####g#########
..........# #@#
..####.##.# ### #. ..#
#. ### .. .. #..


You could see a hobgoblin.

Vanquished Creatures
  A goblin (D:1)
  2 hobgoblins (D:1)
  A bat (D:1)
4 creatures vanquished.

Notes
Turn   | Place    | Note
-------+----------+-------------------------------------------
     0 | D:1      | azatol the Gnoll Transmuter began the quest for the Orb.
     0 | D:1      | Reached XP level 1. HP: 17/17 MP: 6/6
   328 | D:1      | Slain by a hobgoblin

Illustrated notes

Levels and vault maps discovered:
D:1:      minmay_arrival_checkered_box, layout_basic

Action                   || total
-------------------------++-------
Melee: Club              ||    10
       Unarmed           ||     6
       Punch             ||     1
       Bite              ||     1
Armor: Robe              ||     4
Dodge: Dodged            ||    12
